 Dungeon Crawl Stone Soup version 0.29-a0-493-g10c3c7b (webtiles) character file.

Game seed: 12735682497518423798

100 Toastz the Grasshopper (level 4, -3/34 HPs)
             Began as a Demonspawn Warper on May 27, 2022.
             Slain by Grinder (10 damage)
             ... on level 3 of the Dungeon.
             The game lasted 00:03:25 (2538 turns).

Toastz the Grasshopper (Demonspawn Warper)          Turns: 2538, Time: 00:03:25

Health: -3/34      AC:  3    Str: 13    XL:     4   Next: 47%
Magic:  7/7        EV: 11    Int: 14    God:
Gold:   128        SH:  0    Dex: 13    Spells: 6/8 levels left

rFire   . . .      SeeInvis .   a - +0 spear
rCold   . . .      Faith    .   (no shield)
rNeg    . . .      Spirit   .   b - +0 leather armour
rPois   .          Reflect  .   (no helmet)
rElec   .          Harm     .   (no cloak)
rCorr   .          Rampage  .   (no gloves)
Will    .....                   (no boots)
Stlth   +.........              q - amulet of regeneration
HPRegen 0.91/turn               (no ring)
MPRegen 0.10/turn               (no ring)

@: no status effects
A: hooves 1
a: no special abilities


You were on level 3 of the Dungeon.
You visited 1 branch of the dungeon, and saw 3 of its levels.

You collected 128 gold pieces.

Inventory:

Hand Weapons
 a - a +0 spear (weapon)
 e - a +0 hunting sling
Missiles
 d - 7 boomerangs of dispersal
 g - 72 stones (quivered)
Armour
 b - a +0 leather armour (worn)
Jewellery
 q - an amulet of regeneration (around neck)
Scrolls
 c - a scroll of blinking
 f - 3 scrolls of enchant armour {unknown}
 h - 3 scrolls of identify {unknown}
 i - a scroll of teleportation {unknown}
 j - a scroll of vulnerability {unknown}
 k - a scroll of amnesia {unknown}
 o - a scroll of silence {unknown}
 r - a scroll of poison {unknown}
 w - a scroll of summoning {unknown}
 x - a scroll of fog {unknown}
Potions
 l - a potion of invisibility {unknown}
 m - a potion of degeneration {unknown}
 n - a potion of resistance {unknown}
 p - a potion of haste {unknown}
 s - a potion of heal wounds {unknown}
 t - 3 potions of might {unknown}
 u - a potion of curing {unknown}
 v - a potion of magic {unknown}


   Skills:
 + Level 2.7 Fighting
 * Level 3.0 Polearms
 - Level 0.8 Throwing
 - Level 0.8 Armour
 - Level 1.7 Dodging
 + Level 2.6 Spellcasting
 + Level 3.2 Translocations


You had 6 spell levels left.
You knew the following spells:

 Your Spells              Type           Power      Damage    Failure   Level
a - Blink                 Tloc           20%        N/A       12%         2

Your spell library contained the following spells:

 Spells                   Type           Power      Damage    Failure   Level
 Gell's Gravitas          Tloc           10%        N/A       22%         3
 Lesser Beckoning         Tloc           10%        N/A       22%         3
 Teleport Other           Tloc           10%        N/A       22%         3
 Magic Dart               Conj           4%         1d3       28%         1
 Call Imp                 Summ           1%         N/A       41%         2
 Mephitic Cloud           Conj/Pois/Air  1%         N/A       65%         3
 Manifold Assault         Tloc           10%        N/A       91%         5


Dungeon Overview and Level Annotations

Branches:
Dungeon (3/15)

Altars:

Shops:
D:2 =   D:3 ?

Annotations:
D:3 Grinder


Innate Abilities, Weirdness & Mutations

You have large cloven feet.


Message History

Grinder says, "FISH!"
Grinder blinks!
You hit Grinder. You kick Grinder.
Grinder is moderately wounded.
Grinder hits you but does no damage.
You hit Grinder. Your kick misses Grinder.
Grinder is moderately wounded.
Grinder gestures at you.
You suddenly lose the ability to move!
Grinder gestures at you.
You shrug off the repeated paralysis!
Grinder hits you. Grinder completely misses you.
You can move again.
You barely miss Grinder. You kick Grinder.
Grinder is heavily wounded.
Grinder hits you but does no damage.
You hit Grinder but do no damage.
Grinder is heavily wounded.
Grinder gestures at you.
You barely resist. You hit Grinder.
Grinder is heavily wounded.
Grinder gestures at you. You resist with significant effort.
You hit Grinder. Your kick misses Grinder.
Grinder is heavily wounded.
Grinder closely misses you.
You hit Grinder.
Grinder is severely wounded.
Grinder hits you!
* * * LOW HITPOINT WARNING * * *
You writhe in agony.
* * * LOW HITPOINT WARNING * * *
You barely miss Grinder.
Grinder is severely wounded.
You closely miss Grinder.
Grinder is severely wounded.
Grinder hits you!
You die...

.?.........###############
...#.......#≈≈≈≈≈≈≈≈≈≈≈≈≈#
#..####(##≈...........≈#
.5.. #.##≈...........≈#
#.# #(##≈...#####†..≈# .
#.##≈....[#.....≈#
#(.#≈.....#.....≈#
#†5'..#########.≈#
#@##≈.....#.....≈#
#.##≈.....#.)...≈#
#.##≈...#####...≈#
#†##≈...........≈#
####.##≈...........≈#
#....##≈≈≈≈≈≈≈≈≈≈≈≈≈#
#....################
#....# ###############.#


You could see Grinder.

Vanquished Creatures
  A hound (D:3)
  3 adders
  A dart slug (D:3)
  An orc (D:2)
  4 bats
  4 endoplasms
  3 giant cockroaches (D:2)
  5 goblins
  4 hobgoblins
  5 kobolds
  6 ball pythons
  A rat (D:3)
38 creatures vanquished.

Notes
Turn   | Place    | Note
-------+----------+-------------------------------------------
     0 | D:1      | Toastz the Demonspawn Warper began the quest for the Orb.
     0 | D:1      | Reached XP level 1. HP: 16/16 MP: 3/3
   191 | D:1      | Found a faded altar of an unknown god.
   529 | D:1      | Gained mutation: You have large cloven feet. [demonic
                  | ancestry]
   529 | D:1      | Reached XP level 2. HP: 15/22 MP: 5/5
  1451 | D:1      | Learned a level 2 spell: Blink
  1683 | D:2      | Found Xiaceq's Jewellery Shop.
  1698 | D:2      | Reached XP level 3. HP: 26/28 MP: 6/6
  2431 | D:3      | Reached XP level 4. HP: 31/34 MP: 7/7
  2500 | D:3      | Found Sijamu's Magic Scroll Shoppe.
  2500 | D:3      | Noticed Grinder
  2513 | D:3      | Paralysed by Grinder for 3 turns
  2528 | D:3      | Paralysed by Grinder for 3 turns
  2538 | D:3      | Slain by Grinder

Illustrated notes

Levels and vault maps discovered:
D:1:      lemuel_arrival_room, layout_basic,
          hellmonk_ecumenical_altar_leap_of_faith
D:2:      layout_basic, serial_shops, shop
D:3:      layout_basic, serial_shops, nicolae_shop_advertising_works
          [nicolae_subvault_shop_adworks], gammafunk_ghost_cemetery,
          kennysheep_generic_room_16, uniq_grinder

Skill      XL: |  1  2  3  4 |
---------------+-------------+-----
Polearms       | 2 3 |  3.0
Translocations | 3 |  3.2
Fighting       | |  2.7
Throwing       | |  0.8
Armour         | |  0.8
Dodging        | |  1.7
Spellcasting   | |  2.6

Action                   |  1- 3 |  4- 6 || total
-------------------------+-------+-------++-------
Melee: Spear             |   153 |    30 ||   183
       Punch             |     1 |       ||     1
       Kick              |    16 |    10 ||    26
Throw: Stone             |       |     5 ||     5
 Stab: Sleeping          |     2 |       ||     2
Armor: Leather armour    |    25 |     9 ||    34
Dodge: Dodged            |    75 |    11 ||    86

Table legend: (Time is in decaauts)
 A = Elapsed time spent in this place.
 B = Non-inter-level travel time spent in this place.
 C = Inter-level travel time spent in this place.
 D = Time resting spent in this place.
 E = Time spent auto-exploring this place.
 F = Levels seen in this place.
 G = Mean time per level.
                   A        B        C        D        E       F      G
               +--------+--------+--------+--------+--------+-----+--------+
         Total |   2535 |   2463 |     72 |    239 |   1827 |   3 |  845.0 |
       Dungeon |   2535 |   2463 |     72 |    239 |   1827 |   3 |  845.0 |
               +--------+--------+--------+--------+--------+-----+--------+

Top non-repeatable levels by time:
     D:1: 1440 daAuts
     D:2: 691 daAuts
     D:3: 403 daAuts
